 Dungeon Crawl Stone Soup version 0.28.0-45-g0d030f2227 (webtiles) character file.

Game seed: 2495737738838224570

2741 Ablot the Slicer (level 9, -16/74 HPs)
             Began as a Gnoll Chaos Knight on Apr 17, 2022.
             Was a Plaything of Xom.
             Demolished by Harold
             ... wielding a +0 war axe
              (18 damage)
             ... on level 7 of the Dungeon.
             The game lasted 00:11:16 (8472 turns).

Ablot the Slicer (Gnoll Chaos Knight)               Turns: 8472, Time: 00:11:17

Health: -16/74     AC:  9    Str: 14 (15) XL:     9   Next: 68%
Magic:  15/15      EV: 14    Int: 12      God:    Xom [*.....]
Gold:   287        SH:  0    Dex: 18      Spells: 13/17 levels left

rFire   . . .      SeeInvis .   a - +0 short sword (chaos)
rCold   + . .      Faith    .   (no shield)
rNeg    . . .      Spirit   .   b - +2 leather armour
rPois   .          Reflect  .   y - +0 helmet
rElec   .          Harm     .   (no cloak)
rCorr   .          Rampage  .   t - +0 pair of gloves
Will    +....                   q - +0 pair of boots
Stlth   +++.......              (no amulet)
HPRegen 0.22/turn               w - +6 ring of dexterity
MPRegen 0.14/turn               F - ring of protection from cold

@: brilliant, marked
A: fangs 2, strong nose, distributed training, strong-willed 1
a: Renounce Religion


You were on level 7 of the Dungeon.
You worshipped Xom.
You were a special plaything of Xom.
You visited 1 branch of the dungeon, and saw 7 of its levels.

You collected 287 gold pieces.

Inventory:

Hand Weapons
 a - a +0 short sword of chaos (weapon)
Missiles
 c - 274 stones
 g - 17 poisoned darts (quivered)
 i - 80 sling bullets
 n - 84 arrows
 o - 75 bolts
 D - 8 boomerangs
Armour
 b - a +2 leather armour (worn)
 q - a +0 pair of boots (worn)
 t - a +0 pair of gloves (worn)
 v - a +0 buckler
 y - a +0 helmet (worn)
Magical Staves
 x - a staff of death
Jewellery
 w - a +6 ring of dexterity (left hand)
 F - a ring of protection from cold (right hand)
 I - a ring of fire
Scrolls
 d - 5 scrolls of magic mapping {unknown}
 e - 5 scrolls of teleportation
 h - a scroll of torment {unknown}
 m - a scroll of noise {unknown}
 p - 5 scrolls of blinking {unknown}
 r - 5 scrolls of identify {unknown}
 A - a scroll of enchant weapon {unknown}
 E - a scroll of summoning {unknown}
 H - 3 scrolls of enchant armour {unknown}
Potions
 f - 3 potions of curing
 j - a potion of heal wounds {unknown}
 k - a potion of invisibility {unknown}
 l - a potion of degeneration
 s - a potion of haste
 u - a potion of lignification {unknown}
 z - a potion of ambrosia {unknown}
 B - a potion of cancellation {unknown}
 C - a potion of brilliance
 G - a potion of flight {unknown}


   Skills:
 + Level 8.0 Fighting
 + Level 8.0 Short Blades
 + Level 4.5 Long Blades
 + Level 4.5 Axes
 + Level 4.5 Maces & Flails
 + Level 4.5 Polearms
 + Level 4.5 Staves
 + Level 4.5 Slings
 + Level 4.5 Bows
 + Level 4.5 Crossbows
 + Level 4.5 Throwing
 + Level 6.5 Armour
 + Level 5.2 Dodging
 + Level 4.5 Stealth
 + Level 4.5 Shields
 + Level 4.5 Unarmed Combat
 + Level 4.5 Spellcasting
 + Level 3.7 Conjurations
 + Level 3.7 Hexes
 + Level 3.7 Summonings
 + Level 3.7 Necromancy
 + Level 3.7 Translocations
 + Level 3.7 Transmutations
 + Level 3.7 Fire Magic
 + Level 3.7 Ice Magic
 + Level 3.7 Air Magic
 + Level 3.7 Earth Magic
 + Level 3.7 Poison Magic
 + Level 4.9 Invocations
 + Level 4.5 Evocations


You had 13 spell levels left.
You knew the following spells:

 Your Spells              Type           Power      Damage    Failure   Level
a - Passwall              Tmut/Erth      14%        N/A       9%          2
b - Ensorcelled Hibernat  Hex/Ice        34%        N/A       9%          2

Your spell library contained the following spells:

 Spells                   Type           Power      Damage    Failure   Level
 Foxfire                  Conj/Fire      68%        2x1d7     5%          1
 Sandblast                Erth           34%        2d9       5%          1
 Conjure Flame            Conj/Fire      17%        6-21      17%         3
 Inner Flame              Hex/Fire       17%        N/A       17%         3
 Ozocubu's Armour         Ice            17%        N/A       17%         3
 Spider Form              Tmut/Pois      17%        N/A       17%         3
 Stone Arrow              Conj/Erth      34%        3d9       17%         3
 Anguish                  Hex/Necr       8%         N/A       50%         4
 Cause Fear               Hex            8%         N/A       50%         4
 Flame Wave               Conj/Fire      17%        2d6       50%         4
 Metabolic Englaciation   Hex/Ice        8%         N/A       83%         5
 Simulacrum               Ice/Necr       8%         N/A       100%        6
 Discord                  Hex            8%         N/A       100%        8


Dungeon Overview and Level Annotations

Branches:
Dungeon (7/15)             Temple (0/1) D:4

Altars:
Cheibriados
Fedhas
Nemelex Xobeh
Okawaru
Xom

Annotations:
D:7 Harold


Innate Abilities, Weirdness & Mutations

You have extremely sharp teeth.
Your uncanny sense of smell can sniff out nearby items.
Your experience applies equally to all skills.
You are strong-willed. (Will+)


Message History

You hit Harold but do no damage. Your bite misses Harold.
Harold is severely wounded.
Harold gestures at you while chanting. A sentinel's mark forms upon you.
You barely miss Harold.
Harold is severely wounded.
Harold drinks a potion.
Harold seems to speed up.
You hit Harold.
Harold suddenly seems more agile.
Harold is severely wounded.
Harold hits you with a +0 war axe!
You hit Harold but do no damage.
Harold is severely wounded.
Harold gestures at you while chanting. The mark upon you grows brighter.
You hit Harold but do no damage.
Harold is severely wounded.
Harold says, "I was hoping my final job would be more of a challenge, but money is money."
Harold hits you with a +0 war axe!
You hit Harold but do no damage. You bite Harold, but do no damage.
Harold is severely wounded.
Harold says, "This is so exciting!
What a great way to end my career!"
Harold gestures at you while chanting.
You barely resist. You hit Harold. You drain Harold.
Harold is severely wounded.
Harold hits you with a +0 war axe!
You puncture Harold!
Harold is almost dead.
Harold hits you with a +0 war axe!
* * * LOW HITPOINT WARNING * * *
You hit Harold.
Harold is almost dead.
Harold hits you with a +0 war axe!
* * * LOW HITPOINT WARNING * * *
Unknown command.
It was a potion of brilliance.
You feel clever all of a sudden. Harold hits you with a +0 war axe!!
You die...
Xom thinks this is hilarious!

......#.#.# ##...... ......#.#.#
#....# #......
.)))..#.#.#####....# #####..####
..))...............####......####
...................'.............
..###.#.#######....####..........
..# #.#.# #....# #.......### ).#
#.#.#### #.@..####.......###
..###.#.##.## #.@..#.............
............####'###'#######..###
........##.##....#......####..#
........##.##.####.........#...#
....###.##.##.# #.........#.#.##
..............######.......#.....
..#........##.#...##.##...####...
....###.##.##.#...##.##...# #...
..##....#..........#.##...# #..


You could see Harold (fast, strong, agile, poisoned, drained).

Vanquished Creatures
  Pikel (D:4)
  5 yaks
  A water moccasin (D:6)
  A black bear (D:5)
  A hornet zombie (D:6)
  3 ogres
  A necrophage (D:4)
  A centaur (D:7)
  A lemure (D:4)
  A kobold brigand (D:7)
  2 bullfrogs
  2 scorpions
  3 hounds
  2 orc priests
  2 iguanas
  5 orc wizards
  A hound zombie (D:5)
  Robin (D:4)
  5 adders
  A dart slug (D:1)
  16 orcs
  9 endoplasms
  A giant cockroach (D:4)
  25 goblins
  6 hobgoblins
  3 jackals (D:4)
  10 quokkas
  8 ball pythons
  6 bats
  4 frilled lizards
  14 kobolds
  4 rats (D:1)
146 creatures vanquished.

Vanquished Creatures (collateral kills)
  An orc (D:3)
1 creature vanquished.

Grand Total: 147 creatures vanquished

Notes
Turn   | Place    | Note
-------+----------+-------------------------------------------
     0 | D:1      | Ablot the Gnoll Chaos Knight began the quest for the Orb.
     0 | D:1      | Reached XP level 1. HP: 23/23 MP: 1/1
    45 | D:1      | Found a faded altar of an unknown god.
    86 | D:1      | XOM: potion effect (might)
   131 | D:1      | XOM: silly message
   137 | D:1      | Reached XP level 2. HP: 28/29 MP: 2/2
   179 | D:1      | XOM: potion effect (invisibility)
   354 | D:1      | XOM: potion effect (might)
   611 | D:1      | Reached XP level 3. HP: 35/35 MP: 3/3
   875 | D:1      | XOM: scenery: create altars
   953 | D:2      | Reached skill level 1 in Invocations
  1006 | D:2      | Reached skill level 1 in Long Blades
  1006 | D:2      | Reached skill level 1 in Axes
  1006 | D:2      | Reached skill level 1 in Maces & Flails
  1006 | D:2      | Reached skill level 1 in Polearms
  1006 | D:2      | Reached skill level 1 in Staves
  1006 | D:2      | Reached skill level 1 in Slings
  1006 | D:2      | Reached skill level 1 in Bows
  1006 | D:2      | Reached skill level 1 in Crossbows
  1006 | D:2      | Reached skill level 1 in Throwing
  1006 | D:2      | Reached skill level 1 in Stealth
  1006 | D:2      | Reached skill level 1 in Shields
  1006 | D:2      | Reached skill level 1 in Unarmed Combat
  1006 | D:2      | Reached skill level 1 in Spellcasting
  1006 | D:2      | Reached skill level 1 in Evocations
  1217 | D:2      | XOM: cloud trail
  1317 | D:2      | Reached XP level 4. HP: 37/41 MP: 5/5
  1366 | D:2      | Found a snail-covered altar of Cheibriados.
  1717 | D:2      | XOM: give mutations
  1717 | D:2      | Gained mutation: You have extremely sharp teeth. [Xom's
                  | grace]
  1717 | D:2      | Gained mutation: You are strong-willed. (Will+) [Xom's
                  | grace]
  1728 | D:3      | XOM: summons friendly iron imp
  1743 | D:3      | XOM: chaos cloud
  1752 | D:2      | Reached skill level 1 in Conjurations
  1752 | D:2      | Reached skill level 1 in Hexes
  1752 | D:2      | Reached skill level 1 in Summonings
  1752 | D:2      | Reached skill level 1 in Necromancy
  1752 | D:2      | Reached skill level 1 in Translocations
  1752 | D:2      | Reached skill level 1 in Transmutations
  1752 | D:2      | Reached skill level 1 in Fire Magic
  1752 | D:2      | Reached skill level 1 in Ice Magic
  1752 | D:2      | Reached skill level 1 in Air Magic
  1752 | D:2      | Reached skill level 1 in Earth Magic
  1752 | D:2      | Reached skill level 1 in Poison Magic
  1831 | D:2      | XOM: cloud trail
  2030 | D:3      | Reached XP level 5. HP: 47/47 MP: 5/7
  2272 | D:3      | XOM: divination: detect items
  2578 | D:3      | XOM: silly message
  2864 | D:4      | Noticed Robin
  2905 | D:3      | XOM: noise
  2925 | D:3      | XOM: god gift: staff of death
  3128 | D:3      | Reached XP level 6. HP: 39/53 MP: 8/8
  3273 | D:4      | Killed Robin
  3399 | D:4      | Found a blossoming altar of Fedhas.
  3399 | D:4      | Noticed a necrophage
  3403 | D:4      | XOM: divination: detect items
  3415 | D:4      | Killed a necrophage
  3416 | D:4      | Reached skill level 5 in Armour
  3434 | D:4      | XOM: silly message
  3480 | D:4      | Found a staircase to the Ecumenical Temple.
  3547 | D:4      | Reached XP level 7. HP: 41/59 MP: 10/10
  3865 | D:4      | Found an iron altar of Okawaru.
  4416 | D:4      | Noticed Pikel
  4424 | D:4      | XOM: potion effect (brilliance)
  4435 | D:4      | XOM: silly message
  4435 | D:4      | Killed Pikel
  4436 | D:4      | Reached XP level 8. HP: 39/67 MP: 10/12
  4957 | D:5      | Entered Level 5 of the Dungeon
  5174 | D:5      | XOM: cloud trail
  5236 | D:5      | Paralysed by you for 3 turns
  5666 | D:5      | Found a sparkling altar of Nemelex Xobeh.
  6188 | D:6      | XOM: divination: magic mapping
  6346 | D:6      | XOM: scenery: 1 doors open, 1 doors close
  6783 | D:6      | Learned a level 2 spell: Passwall
  6808 | D:6      | XOM: summons 5 hostile demons
  6846 | D:6      | XOM: smoke on damage
  7030 | D:6      | XOM: blink monster(s)
  7031 | D:6      | XOM: swap monsters
  7040 | D:6      | XOM: smoke on damage
  7352 | D:7      | XOM: noise
  7360 | D:7      | Reached XP level 9. HP: 60/73 MP: 14/14
  7475 | D:7      | XOM: noise
  7505 | D:7      | XOM: confusion
  7827 | D:6      | Reached skill level 5 in Dodging
  7842 | D:6      | XOM: summons 4 hostile shadow creatures
  8180 | D:7      | Learned a level 2 spell: Ensorcelled Hibernation
  8455 | D:7      | Noticed Harold
  8471 | D:7      | HP: 2/74 [Harold/+0 war axe (17)]
  8472 | D:7      | Demolished by Harold

Illustrated notes

Levels and vault maps discovered:
D:1:      ncdulo_smallfort, layout_loops_corners, ebering_ecumenical_altar_mist,
          minmay_heptomino_d4
D:2:      layout_loops_ring, basic_altar
D:3:      layout_loops_ring, corexii_hall_statues_deadend
D:4:      layout_layer_cave, mainiacjoe_overflow_tiny_flanked,
          general_overflow_altar, minmay_temple_entry_ruins, uniq_pikel,
          uniq_robin
D:5:      layout_basic, mainiacjoe_overflow_alcove_1
D:6:      layout_gridville
D:7:      layout_basic, trog_butcher_becter, minmay_misc_feat_ornament,
          uniq_harold

Skill      XL: |  1  2  3  4  5  6  7  8  9 |
---------------+----------------------------+-----
Invocations    | 1 2 3 4 |  4.9
Long Blades    | 1 2 3 4 |  4.5
Axes           | 1 2 3 4 |  4.5
Maces & Flails | 1 2 3 4 |  4.5
Polearms       | 1 2 3 4 |  4.5
Staves         | 1 2 3 4 |  4.5
Slings         | 1 2 3 4 |  4.5
Bows           | 1 2 3 4 |  4.5
Crossbows      | 1 2 3 4 |  4.5
Throwing       | 1 2 3 4 |  4.5
Stealth        | 1 2 3 4 |  4.5
Shields        | 1 2 3 4 |  4.5
Unarmed Combat | 1 2 3 4 |  4.5
Spellcasting   | 1 2 3 4 |  4.5
Evocations     | 1 2 3 4 |  4.5
Conjurations   | 1 2 3 |  3.7
Hexes          | 1 2 3 |  3.7
Summonings     | 1 2 3 |  3.7
Necromancy     | 1 2 3 |  3.7
Translocations | 1 2 3 |  3.7
Transmutations | 1 2 3 |  3.7
Fire Magic     | 1 2 3 |  3.7
Ice Magic      | 1 2 3 |  3.7
Air Magic      | 1 2 3 |  3.7
Earth Magic    | 1 2 3 |  3.7
Poison Magic   | 1 2 3 |  3.7
Dodging        | 3 4 5 |  5.2
Armour         | 5 6 |  6.5
Fighting       | 7 8 |  8.0
Short Blades   | 7 8 |  8.0

Action                   |  1- 3 |  4- 6 |  7- 9 || total
-------------------------+-------+-------+-------++-------
Melee: Short sword       |   106 |   157 |   337 ||   600
       Bite              |     8 |    10 |    46 ||    64
       Punch             |     1 |     5 |    10 ||    16
  Use: Potion            |       |       |     5 ||     5
       Scroll            |       |       |     1 ||     1
 Stab: Sleeping          |     2 |     2 |     8 ||    12
       Invisible         |     1 |       |       ||     1
       Confused          |       |       |     2 ||     2
       Distracted        |       |       |     1 ||     1
Armor: Leather armour    |    26 |    52 |   102 ||   180
Dodge: Dodged            |    59 |    93 |   169 ||   321
